SNL (28 & UNDER)
SALEM SILVER SOULS @ GAINESVILLE GUIDOS
09/06/2029
 
TOP OF THE 1ST
Salem Silver Souls batting - Pitching for Gainesville Guidos : RHP Daniel Carter
Pitching: RHP Daniel Carter
Batting: SHB Dawson Fowler 0-0: Fly out, F7 (Flyball, 7)
Batting: RHB Carlos Sánchez 0-0: Fly out, F6 (Line Drive, 6)
Batting: SHB Felipe Castro 0-0: Called Strike
0-1: Swinging Strike
0-2: Ball
1-2: Foul Ball, location: 2F
1-2: Ball
2-2: Strikes out looking
Top of the 1st over - 0 runs, 0 hits, 0 errors, 0 left on base; Salem 0 - Gainesville 0
BOTTOM OF THE 1ST
Gainesville Guidos batting - Pitching for Salem Silver Souls : RHP Víctor Hernández
Pitching: RHP Víctor Hernández
Batting: RHB Ramiro Santana 0-0: DOUBLE (Line Drive, 9D)
Batting: RHB Doug Coleman 0-0: Called Strike
0-1: Foul Ball, location: 2F
0-2: Ball
1-2: Strikes out swinging
Batting: RHB Luis Reynoso 0-0: Ball
1-0: Ball
2-0: Called Strike
2-1: Ground out 6-3 (Groundball, 6)
Ramiro Santana to third
Batting: LHB Manuel Ortega 0-0: Ball
1-0: Ball
2-0: Swinging Strike
2-1: Called Strike
2-2: SINGLE (Line Drive, 4)
Ramiro Santana scores
Batting: SHB Cornell Payne 0-0: Ball
Manuel Ortega steals 2nd base
1-0: Ball
2-0: Foul Ball, location: 2F
2-1: Foul Ball, location: 2F
2-2: Foul Ball, location: 2F
2-2: Ball
3-2: SINGLE (Groundball, 56D)
Manuel Ortega to third
Manuel Ortega scores
Batting: LHB Robbie Turner 0-0: Ball
1-0: Ball
2-0: Foul Ball, location: 2F
2-1: Foul Ball, location: 2F
2-2: Ball
3-2: Strikes out looking
Bottom of the 1st over - 2 runs, 3 hits, 0 errors, 1 left on base; Salem 0 - Gainesville 2
TOP OF THE 2ND
Salem Silver Souls batting - Pitching for Gainesville Guidos : RHP Daniel Carter
Batting: LHB Jeff Forsyth 0-0: Called Strike
0-1: Foul Ball, location: 2F
0-2: Ground out 1-3 (Groundball, 13)
Batting: SHB Dale Winters 0-0: Ball
1-0: Ball
2-0: Ball
3-0: Called Strike
3-1: Base on Balls
Batting: LHB Hamilton Hughes 0-0: Ball
1-0: Called Strike
1-1: Fly out, F5 (Popup, 15)
Batting: LHB Howard Holder 0-0: Called Strike
0-1: Ball
1-1: Ball
2-1: Foul Ball, location: 2F
2-2: Ball
3-2: Base on Balls
Dale Winters to second
Batting: SHB Caleb Hart 0-0: Called Strike
0-1: Foul Ball, location: 2F
0-2: Foul Ball, location: 2F
0-2: Ball
1-2: Strikes out swinging
Top of the 2nd over - 0 runs, 0 hits, 0 errors, 2 left on base; Salem 0 - Gainesville 2
BOTTOM OF THE 2ND
Gainesville Guidos batting - Pitching for Salem Silver Souls : RHP Víctor Hernández
Batting: SHB António Ramírez 0-0: Ball
1-0: Ball
2-0: Ball
3-0: Called Strike
3-1: Foul Ball, location: 2F
3-2: Strikes out looking
Batting: RHB James Morris 0-0: Ball
1-0: Called Strike
1-1: Foul Ball, location: 2F
1-2: Foul Ball, location: 2F
1-2: Strikes out swinging
Batting: SHB León Glaviz 0-0: Ball
1-0: Foul Ball, location: 2F
1-1: Ball
2-1: SINGLE (Line Drive, 9S)
Batting: RHB Ramiro Santana 0-0: Ball
1-0: Ball
2-0: 2-RUN HOME RUN (Flyball, 7D), Distance : 368 ft
Batting: RHB Doug Coleman 0-0: Ground out 5-3 (Groundball, 56S)
Bottom of the 2nd over - 2 runs, 2 hits, 0 errors, 0 left on base; Salem 0 - Gainesville 4
TOP OF THE 3RD
Salem Silver Souls batting - Pitching for Gainesville Guidos : RHP Daniel Carter
Batting: RHB José Dávila 0-0: Swinging Strike
0-1: Swinging Strike
0-2: Strikes out swinging
Batting: SHB Dawson Fowler 0-0: Foul Ball, location: 2F
0-1: Ball
1-1: Swinging Strike
1-2: Foul Ball, location: 2F
1-2: Ball
2-2: Fly out, F5 (Popup, 25F)
Batting: RHB Carlos Sánchez 0-0: Ball
1-0: Swinging Strike
1-1: Ball
2-1: Fly out, F5 (Popup, 5D)
Top of the 3rd over - 0 runs, 0 hits, 0 errors, 0 left on base; Salem 0 - Gainesville 4
BOTTOM OF THE 3RD
Gainesville Guidos batting - Pitching for Salem Silver Souls : RHP Víctor Hernández
Batting: RHB Luis Reynoso 0-0: Ground out 5-3 (Groundball, 56S)
Batting: LHB Manuel Ortega 0-0: Ball
1-0: Ball
2-0: Ball
3-0: Called Strike
3-1: Ground out U3 (Groundball, 34S)
Batting: SHB Cornell Payne 0-0: Foul Ball, location: 2F
0-1: DOUBLE (Line Drive, 9LM)
Batting: LHB Robbie Turner 0-0: SINGLE (Line Drive, 89S)
Cornell Payne to third
Batting: SHB António Ramírez 0-0: Swinging Strike
0-1: Called Strike
0-2: Strikes out swinging
Bottom of the 3rd over - 0 runs, 2 hits, 0 errors, 2 left on base; Salem 0 - Gainesville 4
TOP OF THE 4TH
Salem Silver Souls batting - Pitching for Gainesville Guidos : RHP Daniel Carter
Batting: SHB Felipe Castro 0-0: Ball
1-0: Called Strike
1-1: Ball
2-1: Foul Ball, location: 2F
2-2: Ground out 5-3 (Groundball, 56)
Batting: LHB Jeff Forsyth 0-0: Swinging Strike
0-1: Ball
1-1: Ball
2-1: Ground out 4-3 (Groundball, 4)
Batting: SHB Dale Winters 0-0: Called Strike
0-1: Foul Ball, location: 2F
0-2: Ground out 5-3 (Groundball, 5)
Top of the 4th over - 0 runs, 0 hits, 0 errors, 0 left on base; Salem 0 - Gainesville 4
BOTTOM OF THE 4TH
Gainesville Guidos batting - Pitching for Salem Silver Souls : RHP Víctor Hernández
Batting: RHB James Morris 0-0: Ball
1-0: SOLO HOME RUN (Flyball, 7LD), Distance : 332 ft
Pitching: RHP Roberto Deleón
Batting: SHB León Glaviz 0-0: Ball
1-0: Called Strike
1-1: Swinging Strike
1-2: Ball
2-2: Foul Ball, location: 2F
2-2: Strikes out looking
Batting: RHB Ramiro Santana 0-0: Ball
1-0: Ball
2-0: Called Strike
2-1: Ground out U3 (Groundball, 34)
Batting: RHB Doug Coleman 0-0: Ball
1-0: Called Strike
1-1: Ball
2-1: Ground out 6-3 (Groundball, 6)
Bottom of the 4th over - 1 run, 1 hit, 0 errors, 0 left on base; Salem 0 - Gainesville 5
TOP OF THE 5TH
Salem Silver Souls batting - Pitching for Gainesville Guidos : RHP Daniel Carter
Batting: LHB Hamilton Hughes 0-0: Ball
1-0: Swinging Strike
1-1: Foul Ball, location: 2F
1-2: Strikes out swinging
Batting: LHB Howard Holder 0-0: Foul Ball, location: 2F
0-1: Called Strike
0-2: Ball
1-2: SINGLE (Flyball, 8LS)
Batting: SHB Caleb Hart 0-0: Ball
1-0: SINGLE (Flyball, 78S)
Howard Holder to second
Batting: RHB José Dávila 0-0: Ball
1-0: Called Strike
1-1: TRIPLE (Line Drive, 89XD)
Howard Holder scores
Caleb Hart scores
Batting: SHB Dawson Fowler 0-0: Ball
1-0: Ball
2-0: Ball
3-0: Fly out, F7 (Flyball, 7S)
Batting: RHB Carlos Sánchez 0-0: Called Strike
0-1: Foul Ball, location: 2F
0-2: Foul Ball, location: 2F
0-2: Ball
1-2: Foul Ball, location: 2F
1-2: Ball
2-2: Ball
3-2: SINGLE (Groundball, 4MD)
José Dávila scores
Batting: SHB Felipe Castro 0-0: SINGLE (Flyball, 7S)
Carlos Sánchez to second
Pitching: RHP Ken Edwards
Batting: LHB Jeff Forsyth 0-0: Called Strike
0-1: Foul Ball, location: 2F
0-2: Foul Ball, location: 2F
0-2: Ball
1-2: Ball
2-2: Foul Ball, location: 2F
2-2: Ball
3-2: Ground out 6-3 (Groundball, 6D)
Top of the 5th over - 3 runs, 5 hits, 0 errors, 2 left on base; Salem 3 - Gainesville 5
BOTTOM OF THE 5TH
Gainesville Guidos batting - Pitching for Salem Silver Souls : RHP Roberto Deleón
Batting: RHB Luis Reynoso 0-0: Called Strike
0-1: Ground out 6-3 (Groundball, 6)
Batting: LHB Manuel Ortega 0-0: Called Strike
0-1: Swinging Strike
0-2: Ball
1-2: Foul Ball, location: 2F
1-2: Strikes out swinging
Batting: SHB Cornell Payne 0-0: Called Strike
0-1: Ball
1-1: Called Strike
1-2: Strikes out swinging, 2-3 out at first.
Bottom of the 5th over - 0 runs, 0 hits, 0 errors, 0 left on base; Salem 3 - Gainesville 5
TOP OF THE 6TH
Salem Silver Souls batting - Pitching for Gainesville Guidos : RHP Ken Edwards
Batting: SHB Dale Winters 0-0: Fly out, F7 (Flyball, 7LSF)
Batting: LHB Hamilton Hughes 0-0: Ball
1-0: Foul Ball, location: 2F
1-1: Called Strike
1-2: Strikes out swinging
Batting: LHB Howard Holder 0-0: Called Strike
0-1: Ball
1-1: Ball
2-1: SINGLE (Line Drive, 56D)
Pinch Runner at 1st Felipe Rivera:
Batting: SHB Caleb Hart 0-0: Called Strike
0-1: Swinging Strike
0-2: Ball
1-2: Strikes out swinging
Top of the 6th over - 0 runs, 1 hit, 0 errors, 1 left on base; Salem 3 - Gainesville 5
BOTTOM OF THE 6TH
Gainesville Guidos batting - Pitching for Salem Silver Souls : RHP Roberto Deleón
Batting: LHB Robbie Turner 0-0: Ball
1-0: Foul Ball, location: 2F
1-1: Ball
2-1: Ball
3-1: Base on Balls
Batting: SHB António Ramírez 0-0: Ball
1-0: Ball
2-0: Called Strike
2-1: Called Strike
2-2: Strikes out swinging
Batting: RHB James Morris 0-0: Ball
1-0: Called Strike
1-1: Swinging Strike
1-2: Foul Ball, location: 2F
1-2: Strikes out looking
Batting: SHB León Glaviz 0-0: Ball
1-0: Ball
2-0: Ball
3-0: Foul Ball, location: 2F
3-1: Base on Balls
Robbie Turner to second
Batting: RHB Ramiro Santana 0-0: Ball
1-0: Fielders Choice at 2nd, 6-4 (Groundball, 6)
Bottom of the 6th over - 0 runs, 0 hits, 0 errors, 2 left on base; Salem 3 - Gainesville 5
TOP OF THE 7TH
Salem Silver Souls batting - Pitching for Gainesville Guidos : RHP Ken Edwards
Batting: RHB José Dávila 0-0: Ground out 5-3 (Groundball, 56S)
Batting: SHB Dawson Fowler 0-0: Ball
1-0: Swinging Strike
1-1: Ground out 4-3 (Groundball, 4)
Batting: RHB Carlos Sánchez 0-0: Ball
1-0: Ball
2-0: Foul Ball, location: 2F
2-1: Ground out 6-3 (Groundball, 6M)
Top of the 7th over - 0 runs, 0 hits, 0 errors, 0 left on base; Salem 3 - Gainesville 5
BOTTOM OF THE 7TH
Gainesville Guidos batting - Pitching for Salem Silver Souls : RHP Roberto Deleón
Pitching: RHP Joe Bailey
Batting: RHB Doug Coleman 0-0: Ball
1-0: Foul Ball, location: 2F
1-1: Ball
2-1: Swinging Strike
2-2: Ball
3-2: Foul Ball, location: 2F
3-2: Ground out 5-3 (Groundball, 25)
Batting: RHB Luis Reynoso 0-0: Called Strike
0-1: Ground out 5-3 (Groundball, 56S)
Batting: LHB Manuel Ortega 0-0: Ball
1-0: Foul Ball, location: 2F
1-1: Foul Ball, location: 2F
1-2: Ball
2-2: DOUBLE (Line Drive, 7LM)
Batting: SHB Cornell Payne 0-0: Foul Ball, location: 2F
0-1: Ball
1-1: SINGLE (Line Drive, 8RS)
Manuel Ortega to third
Batting: LHB Robbie Turner 0-0: Ball
1-0: Ball
2-0: Called Strike
2-1: SINGLE (Groundball, P) (infield hit)
Manuel Ortega scores
Cornell Payne to second
Batting: SHB António Ramírez 0-0: Swinging Strike
0-1: Hit by Pitch
Cornell Payne to third
Robbie Turner to second
Batting: RHB James Morris 0-0: Ball
1-0: Ball
2-0: Ball
3-0: Called Strike
3-1: Base on Balls
Cornell Payne scores
Robbie Turner to third
António Ramírez to second
Batting: SHB León Glaviz 0-0: Ball
1-0: Called Strike
1-1: Called Strike
1-2: Ball
2-2: Strikes out looking
Bottom of the 7th over - 2 runs, 3 hits, 0 errors, 3 left on base; Salem 3 - Gainesville 7
TOP OF THE 8TH
Salem Silver Souls batting - Pitching for Gainesville Guidos : RHP Ken Edwards
Batting: SHB Felipe Castro 0-0: Called Strike
0-1: SINGLE (Groundball, 4D)
Batting: LHB Jeff Forsyth 0-0: Ball
1-0: Called Strike
1-1: Ball
2-1: Ball
3-1: Foul Ball, location: 2F
3-2: Fly out, F5 (Popup, 5S)
Batting: SHB Dale Winters 0-0: Fielders Choice at 2nd, 3-6 (Groundball, 3)
Batting: LHB Hamilton Hughes 0-0: Ball
1-0: Called Strike
1-1: Foul Ball, location: 2F
1-2: Ball
2-2: SINGLE (Groundball, 4MD)
Dale Winters to second
Runner from 2nd tries for 3rd, SAFE, no throw
Pitching: LHP Anthony Robinson
Batting: LHB Felipe Rivera 0-0: Swinging Strike
0-1: Ball
1-1: Ball
2-1: Called Strike
2-2: Ball
3-2: Base on Balls
Hamilton Hughes to second
Pitching: RHP Matt Johnston
Batting: SHB Caleb Hart 0-0: Ball
1-0: Ball
2-0: Foul Ball, location: 2F
2-1: Ball
3-1: Fielders Choice at 2nd, 6-4 (Groundball, 6)
Top of the 8th over - 0 runs, 2 hits, 0 errors, 3 left on base; Salem 3 - Gainesville 7
BOTTOM OF THE 8TH
Gainesville Guidos batting - Pitching for Salem Silver Souls : RHP Joe Bailey
Pitching: LHP Reynaldo Vázquez
Batting: RHB Ramiro Santana 0-0: Swinging Strike
0-1: Ground out 5-3 (Groundball, 56)
Batting: RHB Doug Coleman 0-0: Fly out, F8 (Flyball, 8LS)
Batting: RHB Luis Reynoso 0-0: Ball
1-0: Swinging Strike
1-1: Fly out, F3 (Flyball, 3DF)
Bottom of the 8th over - 0 runs, 0 hits, 0 errors, 0 left on base; Salem 3 - Gainesville 7
TOP OF THE 9TH
Salem Silver Souls batting - Pitching for Gainesville Guidos : RHP Matt Johnston
Batting: RHB José Dávila 0-0: Ball
1-0: Ball
2-0: SOLO HOME RUN (Flyball, 7LD), Distance : 335 ft
Batting: SHB Dawson Fowler 0-0: Called Strike
0-1: Swinging Strike
0-2: Strikes out swinging
Batting: RHB Carlos Sánchez 0-0: Ball
1-0: Called Strike
1-1: Ball
2-1: Ball
3-1: Base on Balls
Batting: SHB Felipe Castro 0-0: Ball
1-0: Called Strike
1-1: Ball
2-1: SINGLE (Groundball, 6D)
Carlos Sánchez to second
Batting: LHB Jeff Forsyth 0-0: Called Strike
0-1: SINGLE (Flyball, 7LM)
Carlos Sánchez to third
Felipe Castro to second
Pinch Hitting: LHB Luis Aragón 0-0: Ball
1-0: Ball
2-0: Ball
3-0: Base on Balls
Carlos Sánchez scores
Felipe Castro to third
Jeff Forsyth to second
Batting: LHB Hamilton Hughes 0-0: SINGLE (Groundball, 3D)
Felipe Castro scores
Jeff Forsyth to third
Luis Aragón to second
Pitching: RHP Mario Tovar
Batting: LHB Felipe Rivera 0-0: Foul Ball, location: 2F
0-1: DOUBLE (Line Drive, 7LS)
Jeff Forsyth scores
Luis Aragón scores
Hamilton Hughes to third
Runner from 3rd tries for Home, SAFE, no throw
Batting: SHB Caleb Hart 0-0: Ball
1-0: Ball
2-0: Called Strike
2-1: Ball
3-1: Called Strike
3-2: Base on Balls
Pinch Hitting: SHB Tony Yan 0-0: Ball
1-0: Swinging Strike
1-1: Swinging Strike
1-2: Strikes out swinging
Batting: SHB Dawson Fowler 0-0: Ball
1-0: Ball
2-0: Ball
3-0: Base on Balls
Felipe Rivera to third
Caleb Hart to second
Batting: RHB Carlos Sánchez 0-0: Ball
1-0: Foul Ball, location: 2F
1-1: Ball
2-1: Called Strike
2-2: Ball
3-2: Base on Balls
Felipe Rivera scores
Caleb Hart to third
Dawson Fowler to second
Batting: SHB Felipe Castro 0-0: Ball
1-0: Ball
2-0: Ball
3-0: Reached on error, E4 (Groundball, 4)
Caleb Hart scores
Dawson Fowler scores
Carlos Sánchez to third
Batting: LHB Jeff Forsyth 0-0: Foul Ball, location: 2F
0-1: Ball
1-1: Ball
2-1: Foul Ball, location: 2F
2-2: Foul Ball, location: 2F
2-2: Strikes out swinging
Top of the 9th over - 9 runs, 5 hits, 1 error, 2 left on base; Salem 12 - Gainesville 7
BOTTOM OF THE 9TH
Gainesville Guidos batting - Pitching for Salem Silver Souls : LHP Reynaldo Vázquez
Pitching: RHP Mike Moyer
Now at SS: Tony Yan
Now in LF: Rusty Anderson
Now in CF: Jonathan Belisle
Batting: LHB Manuel Ortega 0-0: DOUBLE (Line Drive, 78D)
Batting: SHB Cornell Payne 0-0: Foul Ball, location: 2F
0-1: Ball
1-1: Foul Ball, location: 2F
1-2: Foul Ball, location: 2F
1-2: Foul Ball, location: 2F
1-2: SINGLE (Groundball, 56D)
Manuel Ortega to third
Batting: LHB Robbie Turner 0-0: Fly out, F8 (Line Drive, 8LD)
Runner from 3rd tags up, SCORES, no throw
Batting: SHB António Ramírez 0-0: Ball
1-0: Called Strike
1-1: Swinging Strike
1-2: Ball
2-2: Strikes out swinging
Batting: RHB James Morris 0-0: Ball
1-0: Fly out, F8 (Flyball, 8RS)
Bottom of the 9th over - 1 run, 2 hits, 0 errors, 1 left on base; Salem 12 - Gainesville 8
Saturday, December 16th, 2017 - OOTP Baseball 18.8 Build 76